 Dungeon Crawl Stone Soup version 0.18-b1-16-g289874d (webtiles) character file.

33 poirepourri the Skirmisher (level 3, -3/29 HPs)
             Began as a Demonspawn Abyssal Knight on May 1, 2016.
             Was a Follower of Lugonu.
             Killed from afar by a white imp (7 damage)
             ... with a puff of frost
             ... summoned by Natasha
             ... on level 2 of the Dungeon.
             The game lasted 00:02:55 (1250 turns).

poirepourri the Skirmisher (DsAK)                   Turns: 1250, Time: 00:02:56

Health: -3/29      AC:  3    Str: 13    XL:     3   Next: 12%
Magic:  5/5        EV: 11    Int: 13    God:    Lugonu [*.....]
Gold:   82         SH:  0    Dex: 12    Spells: 0 memorised, 2 levels left

rFire  . . .     SeeInvis .     a - +1 hand axe
rCold  . . .     Gourm    .     b - +0 leather armour
rNeg   . . .     Faith    .     (no shield)
rPois  .         Spirit   .     (helmet restricted)
rElec  .         Dismiss  .     (no cloak)
rCorr  .         Reflect  .     (no gloves)
SustAt .         Harm     .     (no boots)
MR     .....                    (no amulet)
Stlth  +.........               (no ring)
                                (no ring)

@: slowed, very slow, not resistant to hostile enchantments, very unstealthy
A: horns 1
a: Depart the Abyss, Renounce Religion


You were on level 2 of the Dungeon.
You worshipped Lugonu.
Lugonu was aware of your devotion.
You were not hungry.

You visited 1 branch of the dungeon, and saw 2 of its levels.
You visited the Abyss 1 time.

You collected 82 gold pieces.

Inventory:

Hand Weapons
 a - a +1 hand axe (weapon)
Armour
 b - a +0 leather armour (worn)
Scrolls
 g - a scroll of enchant weapon {unknown}
 j - a scroll of identify {unknown}
Potions
 d - 2 potions of heal wounds {unknown}
 e - a potion of flight {unknown}
 h - a potion of cure mutation {unknown}
Comestibles
 c - 2 bread rations
 f - 2 fruits
 i - a meat ration


   Skills:
 + Level 3.5 Fighting
 + Level 1.9 Axes
 + Level 2.1 Armour
 + Level 1.3 Dodging
 + Level 2.7 Invocations


You had 2 spell levels left.
You didn't know any spells.

Dungeon Overview and Level Annotations

Branches:
Dungeon (2/15)

Altars:
Nemelex Xobeh

Annotations:
D:2 Natasha


Innate Abilities, Weirdness & Mutations

You have a pair of small horns on your head.


Message History

Natasha is heavily wounded.
You hit the white imp but do no damage. The white imp gestures at you.
The puff of frost hits you!
* * * LOW HITPOINT WARNING * * *
Natasha stares at you and mumbles some strange words.
You feel yourself slow down.
You hit Natasha.
Natasha is severely wounded.
You hit the white imp but do no damage. The white imp closely misses you.
Natasha casts a spell.
The white imp hits you but does no damage.
Natasha zaps a wand.
You resist with significant effort.
You barely miss Natasha.
Natasha is severely wounded.
You hit the white imp.
The white imp is moderately wounded.
The white imp gestures at you. The puff of frost hits you!
You die...

### #.. #.#
###.#######
#.........##+#.#
#........5.....#
#.......@h......
###'#####.....##
#######.#
.5.⌠.⌠.
#.......#
##.._..
#.####### .⌠.⌠.
#.# ..##
#.########## ...
#.#........# ###
#.#.######.#


You could see an iron imp, Natasha and a white imp.

Vanquished Creatures
  An ooze (D:1)
  A ball python (D:2)
  2 bats (D:1)
  2 giant cockroaches (D:1)
  8 goblins (D:1)
  2 jackals (D:1)
  2 kobolds (D:1)
  4 giant newts (D:1)
  3 rats (D:1)
25 creatures vanquished.

Notes
Turn   | Place    | Note
--------------------------------------------------------------
     0 | Abyss:1  | poirepourri the Demonspawn Abyssal Knight began the quest for the Orb.
     0 | Abyss:1  | Reached XP level 1. HP: 18/18 MP: 2/2
     0 | D:1      | Escaped the Abyss
    55 | D:1      | Reached skill level 1 in Dodging
    55 | D:1      | Reached * piety under Lugonu
   145 | D:1      | Gained mutation: You have a pair of small horns on your head. [demonic ancestry]
   145 | D:1      | Reached XP level 2. HP: 17/24 MP: 3/3
   977 | D:1      | Reached XP level 3. HP: 25/29 MP: 5/5
  1239 | D:2      | Noticed Natasha
  1241 | D:2      | Found a sparkling altar of Nemelex Xobeh.
  1250 | D:2      | Killed from afar by a white imp

Skill      XL: |  1  2 |
---------------+-------+-----
Dodging        | 1 |  1.3
Armour         | 2 |  2.1
Fighting       | |  3.5
Axes           | |  1.9
Invocations    | |  2.7

Action                   || total
-------------------------++-------
Melee: Hand axe          ||    70
       Headbutt          ||     5
Invok: Depart the Abyss  ||     1
  Eat: Bread ration      ||     1
Armor: Leather armour    ||    32
Dodge: Dodged            ||    89
